 Dungeon Crawl Stone Soup version 0.31.0-32-g396128a36d (webtiles) character file.

Game seed: 2148918193660761743

380 CyberFan the Ducker (level 6, 56/57 HPs)
             Began as a Troll Hedge Wizard on Apr 1, 2024.
             Was an Initiate of Vehumet.
             Quit the game on level 4 of the Dungeon on Apr 6, 2024.
             The game lasted 00:19:04 (3502 turns).

CyberFan the Ducker (Troll Hedge Wizard)            Turns: 3502, Time: 00:19:05

Health: 56/57      AC:  4    Str: 21    XL:     6   Next: 46%
Magic:  9/9        EV: 15    Int: 10    God:    Vehumet [......]
Gold:   161        SH:  0    Dex:  9    Spells: 5/10 levels left

rFire   . . .        k - +0 giant spiked club
rCold   . . .        (shield currently unavailable)
rNeg    . . .        b - +0 robe
rPois   .            c - +0 hat
rElec   .            (no cloak)
rCorr   .            (gloves unavailable)
SInv    .            (boots unavailable)
Will    .....        i - amulet of guardian spirit
Stlth   +            h - +5 ring of evasion
HPRegen 1.09/turn    (no ring)
MPRegen 0.11/turn

%: guardian spirit
@: mildly poisoned (56 -> 55)
A: large, unfitting armour, claws 3, regeneration 1, shaggy fur 1, tough skin 1
a: Renounce Religion


You were on level 4 of the Dungeon.
You worshipped Vehumet.
Vehumet was noncommittal.
You visited 1 branch of the dungeon, and saw 4 of its levels.

You collected 161 gold pieces.

Inventory:

Hand Weapons
 a - a +1 dagger
 k - a +0 giant spiked club (weapon)
Armour
 b - a +0 robe (worn)
 c - a +0 hat (worn)
Jewellery
 h - a +5 ring of evasion (left claw)
 i - an amulet of guardian spirit (around neck)
Wands
 j - a wand of roots (5)
Scrolls
 f - a scroll of enchant weapon
 g - a scroll of identify
 l - a scroll of blinking {unknown}
Potions
 d - 4 potions of magic
 e - a potion of curing


   Skills:
 + Level 1.7 Fighting
 - Level 1.8 Short Blades
 + Level 1.0 Maces & Flails
 + Level 3.5 Dodging
 + Level 1.3 Stealth
 + Level 2.6 Spellcasting
 + Level 1.1 Conjurations
 + Level 0.1 Hexes
 + Level 0.6 Summonings
 + Level 0.6 Translocations


You had 5 spell levels left.
You knew the following spells:

 Your Spells              Type           Power      Damage    Failure   Level
a - Magic Dart            Conj           12%        1d3       19%         1
b - Slow                  Hex            4%         N/A       28%         1
c - Summon Ice Beast      Ice/Summ       2%         N/A       58%         3

Your spell library contained the following spells:

 Spells                   Type           Power      Damage    Failure   Level
 Apportation              Tloc           4%         N/A       22%         1
 Sting                    Conj/Alch      8%         1d3       22%         1
 Summon Small Mammal      Summ           8%         N/A       22%         1
 Necrotise                Necr           4%         1d4       28%         1
 Blink                    Tloc           4%         N/A       34%         2
 Call Imp                 Summ           4%         N/A       34%         2
 Cigotuvi's Dreadful Rot  Necr/Alch/Air  2%         N/A       41%         2
 Hailstorm                Conj/Ice       2%         3d5       56%         3
 Mephitic Cloud           Conj/Alch/Air  2%         N/A       58%         3
 Sculpt Simulacrum        Ice/Alch       0%         N/A       100%        6


Dungeon Overview and Level Annotations

Branches:
Dungeon (4/15)
 Temple: D:4-7

Altars:
Cheibriados
Vehumet

Shops:
D:4 =


Innate Abilities, Weirdness & Mutations

You are too large for most types of armour.
You have claws for hands.
Your natural rate of healing is unusually fast.
You are covered in fur. (AC +1)
You have tough skin. (AC +1)


Message History

You closely miss the adder. The adder bites you.
You are poisoned.
The adder poisons you! The adder closely misses you.
You closely miss the adder.
You feel sick. The adder barely misses you. The adder misses you.
You closely miss the adder.
You feel sick.
You are no longer poisoned.
The adder misses you. The adder closely misses you. x2
You miss the adder. The adder barely misses you. The adder misses you.
You closely miss the adder. The adder closely misses you.
The adder barely misses you.
You barely miss the adder. The adder bites you but does no damage.
The adder closely misses you. The adder bites you.
You barely miss the adder. The adder bites you but does no damage.
The adder barely misses you.
You closely miss the adder. The adder barely misses you.
The adder bites you but does no damage.
You barely miss the adder. The adder barely misses you.
The adder closely misses you.
You barely miss the adder. The adder bites you.
You are poisoned.
The adder poisons you! The adder bites you. The adder closely misses you.
You barely miss the adder.
You feel sick. The adder closely misses you. x2
You closely miss the adder.
You feel sick.
You are no longer poisoned.
The adder barely misses you. x2
You miss the adder. The adder misses you.
The adder bites you but does no damage.
You closely miss the adder. The adder closely misses you. The adder misses you.
The adder bites you.
You miss the adder. The adder closely misses you. x2
You miss the adder. The adder barely misses you. The adder closely misses you.
You barely miss the adder. The adder bites you but does no damage.
The adder barely misses you.
You miss the adder. The adder bites you. The adder barely misses you.
You barely miss the adder. The adder barely misses you.
The adder misses you. x2
You miss the adder. The adder bites you.
You are poisoned.
The adder poisons you! The adder misses you.
Are you sure you want to abandon this character and quit the game? (Confirm with "yes".)

#.#.#####..# #.#
.#.#.#####..# #.#
.#.#.#......# #.#
.....#.###..# #.#
.#.#.)......# #.#
.....#.#.#.##
##.## #...##.....#
#...# ...........#
#...# #...###...##
#S@.# ##.##
##.###.........#
#.#
#.#...........#
#.#
#.#.#.........#
#.#####.#
####...####
#.....#.#.# #...#
#####.#.#.####...#
#............####
#.#..#.#.###.#


You could see an adder.

Vanquished Creatures
  A nameless horror (D:4)
  An ogre (D:4)
  Blork the orc (D:4)
  A scorpion (D:4)
  A hound (D:4)
  Ijyb (D:4)
  6 adders
  A ribbon worm (D:4)
  2 orcs
  4 ball pythons
  4 endoplasms
  2 giant cockroaches (D:1)
  5 goblins
  6 hobgoblins
  6 jackals (D:3)
  4 kobolds
  3 bats
  3 frilled lizards
  9 rats
61 creatures vanquished.

Notes
Turn   | Place    | Note
-------+----------+-------------------------------------------
     0 | D:1      | CyberFan the Troll Hedge Wizard began the quest for the
                  | Orb.
     0 | D:1      | Reached XP level 1. HP: 16/16 MP: 2/2
   252 | D:1      | Reached XP level 2. HP: 24/24 MP: 4/4
   291 | D:1      | Found a faded altar of an unknown god.
  1136 | D:2      | Reached XP level 3. HP: 18/31 MP: 5/5
  1173 | D:2      | Reached skill level 2 in Dodging
  1240 | D:2      | Reached skill level 1 in Conjurations
  1383 | D:2      | Identified the +1 flail of Eternal Vigilance {speed,
                  | ^Contam rPois MP+9 Int+7}
  1691 | D:3      | Learned a level 1 spell: Slow
  1794 | D:3      | Reached XP level 4. HP: 37/40 MP: 6/6
  2621 | D:4      | Reached skill level 1 in Short Blades
  2690 | D:4      | Reached skill level 1 in Fighting
  2817 | D:4      | Found a radiant altar of Vehumet.
  2819 | D:4      | Found a snail-covered altar of Cheibriados.
  2830 | D:4      | Became a worshipper of Vehumet
  2873 | D:4      | Noticed an ogre
  2891 | D:4      | Killed an ogre
  2892 | D:4      | Reached skill level 3 in Dodging
  2892 | D:4      | Reached XP level 5. HP: 14/48 MP: 0/7
  2977 | D:4      | Noticed Ijyb
  3064 | D:4      | Killed Ijyb
  3138 | D:4      | Reached XP level 6. HP: 30/55 MP: 5/8
  3159 | D:4      | Learned a level 3 spell: Summon Ice Beast
  3227 | D:4      | Found Kikiuf's Jewellery Boutique.
  3305 | D:4      | Noticed Blork the orc
  3320 | D:4      | Noticed a nameless horror
  3324 | D:4      | Killed Blork the orc
  3325 | D:4      | Reached skill level 1 in Maces & Flails
  3329 | D:4      | Killed a nameless horror
  3502 | D:4      | Quit the game

Illustrated notes

Levels and vault maps discovered:
D:1:      dpeg_arrival_more_subterranean_lakeside_camping, layout_loops_ring,
          hellmonk_ecumenical_altar_leap_of_faith
D:2:      layout_rooms, minmay_randomly_rotated_circles
D:3:      layout_basic, serial_rivers, chequers_serial_rivers_room_a,
          chequers_serial_rivers_small_b, chequers_serial_rivers_small_a,
          chequers_serial_rivers_large_a, chequers_serial_rivers_micro_e
D:4:      layout_loops_ring, nicolae_overflow_hidden_temple,
          mainiacjoe_overflow_boulevard, amethyst_overflow_temple_binary,
          serial_shops, shop, minmay_misc_feat_hallway, kennysheep_small_spiral,
          uniq_blork_the_orc, uniq_ijyb, uniq_grinder

Skill      XL: |  1  2  3  4  5  6 |
---------------+-------------------+-----
Dodging        | 2 3 |  3.5
Conjurations   | 1 |  1.1
Short Blades   | 1 |  1.8
Fighting       | 1 |  1.7
Maces & Flails | 1 |  1.0
Stealth        | |  1.3
Spellcasting   | |  2.6
Hexes          | |  0.1
Summonings     | |  0.6
Translocations | |  0.6

Action                     |  1- 3 |  4- 6 || total
---------------------------+-------+-------++-------
  Melee: Dagger            |   232 |   159 ||   391
         Punch             |     2 |     2 ||     4
         Unarmed           |       |     4 ||     4
         Giant spiked club |       |   117 ||   117
   Cast: Magic Dart        |    23 |    14 ||    37
         Slow              |       |     1 ||     1
         Summon Ice Beast  |       |     1 ||     1
  Evoke: Wand              |       |     1 ||     1
    Use: Potion            |     9 |       ||     9
         Scroll            |     8 |       ||     8
   Stab: Sleeping          |     1 |     1 ||     2
 Armour: Robe              |   165 |   203 ||   368
  Dodge: Dodged            |   126 |   285 ||   411
